 Dungeon Crawl Stone Soup version 0.31-a0-865-g3d5d91748a (webtiles) character file.

Game seed: 5247658504799901582

7784 Dordric the Nimble (level 11, 0/58 HPs)
             Began as a Djinni Conjurer on Oct 10, 2023.
             Was a Believer of Hepliaklqana.
             Slain by a bullfrog (6 damage)
             ... on level 1 of the Lair of Beasts.
             The game lasted 00:28:12 (11385 turns).

Dordric the Nimble (Djinni Conjurer)               Turns: 11385, Time: 00:28:13

Health: 0/58       AC:  8    Str:  8    XL:     11   Next: 43%
Gold:   724        EV: 19    Int: 30    God:    Hepliaklqana [**....] SH:  0 Dex: 16

rFire   + . .        B - +1 sling of Cuke Zuc {elec, rN+ Str+2}
rCold   . . .        r - orb {light}
rNeg    + . .        C - +1 robe of the New World {Int+4}
rPois   ∞            H - +2 hat
rElec   .            h - +2 cloak
rCorr   .            (no gloves)
SInv    .            (boots unavailable)
Will    +....        (no amulet)
Stlth   ++           n - ring of ice
HPRegen 0.29/turn    u - +6 ring of intelligence
MPRegen 0.00/turn

%: infuse magic (-1 HP)
@: about to teleport, flying, glowing
A: reduced essence, sickness immunity, fire resistance 2, cold vulnerability 1,
float, innate caster, HP casting, extra vitality 1
a: Renounce Religion, Recall Ancestor, Ancestor Identity


You were on level 1 of the Lair of Beasts.
You worshipped Hepliaklqana.
Hepliaklqana was pleased with you.
You visited 3 branches of the dungeon, and saw 13 of its levels.

You collected 724 gold pieces.

Inventory:

Hand Weapons
 B - the +1 sling of Cuke Zuc (weapon) {elec, rN+ Str+2}
   (You found it on level 7 of the Dungeon)

   Str+2:     It affects your strength (+2).
   rN+:       It protects you from negative energy.
Armour
 a - a +0 robe
 h - a +2 cloak (worn)
 r - an orb of light (worn)
 C - the +1 robe of the New World (worn) {Int+4}
   (You found it on level 8 of the Dungeon)

   Int+4:     It affects your intelligence (+4).
 H - a +2 hat (worn)
Jewellery
 n - a ring of ice (left hand)
 u - a +6 ring of intelligence (right hand)
 A - a ring of willpower
Talismans
 g - a talisman of death
Wands
 v - a wand of mindburst (15)
 z - a wand of polymorph (8)
 G - a wand of roots (8)
 J - a wand of charming (3)
Scrolls
 b - 2 scrolls of enchant weapon
 d - 2 scrolls of teleportation
 j - a scroll of brand weapon
 m - 3 scrolls of fog
 q - 2 scrolls of immolation
 x - a scroll of silence
 y - a scroll of torment
 F - a scroll of vulnerability {unknown}
 I - 2 scrolls of identify
 K - 2 scrolls of revelation {unknown}
Potions
 c - a potion of lignification {unknown}
 e - 2 potions of berserk rage {unknown}
 f - 5 potions of curing {unknown}
 i - 2 potions of attraction {unknown}
 k - 3 potions of mutation {unknown}
 l - a potion of invisibility {unknown}
 o - a potion of cancellation {unknown}
 p - 2 potions of degeneration {unknown}
 s - 5 potions of brilliance {unknown}
 D - 2 potions of enlightenment {unknown}
Miscellaneous
 t - a lightning rod (4/4)


   Skills:
 + Level 12.0 Dodging
 - Level 8.0 Stealth
 + Level 8.3 Spellcasting
 + Level 8.3 Conjurations
 + Level 8.3 Hexes
 + Level 8.3 Summonings
 + Level 8.3 Necromancy
 + Level 8.3 Translocations
 + Level 8.3 Transmutations
 + Level 8.3 Fire Magic
 + Level 8.3 Ice Magic
 + Level 8.3 Air Magic
 + Level 8.3 Earth Magic
 + Level 8.3 Poison Magic


You knew the following spells:

 Your Spells              Type           Power      Damage    Failure   Level
a - Magic Dart            Conj           100%       1d8       1%          1
b - Searing Ray           Conj           100%       2d8       1%          2
c - Dazzling Flash        Conj/Hex       100%       N/A       1%          3
d - Fulminant Prism       Conj/Hex       29%        3d14      1%          4
e - Iskenderun's Mystic   Conj/Tloc      58%        2d12      1%          4
f - Necrotise             Necr           100%       1d9       1%          1
g - Momentum Strike       Conj/Tloc      100%       3d10      1%          2
h - Tukima's Dance        Hex            58%        N/A       1%          3
i - Petrify               Tmut/Erth      58%        N/A       1%          4
j - Fireball              Conj/Fire      29%        3d13      3%          5
Your spell library was empty.

Dungeon Overview and Level Annotations

Branches:
Dungeon (11/15)            Temple (1/1) D:5            Lair (1/5) D:9
    Orc (0/2) D:10

Altars:
Ashenzari
Cheibriados
Dithmenos
Elyvilon
Fedhas
Gozag
Hepliaklqana
Makhleb
Nemelex Xobeh
Okawaru
Qazlal
Ru
Trog
Uskayaw
Wu Jian
Xom
Yredelemnul
Zin
The Shining One

Shops:
D:4 :?   D:10 *


Innate Abilities, Weirdness & Mutations

Your life essence is reduced to manifest your ancestor. (-10% HP)
You are immune to sickness and miasma.
You are immune to poison.
Your flesh is very heat resistant. (rF++)
You are vulnerable to cold. (rC-)
You float through the air rather than walking.
You learn spells naturally, not from books.
Your magical power is your life essence.
You have superior vitality. (+4 MHP)


Message History

* * * LOW HITPOINT WARNING * * *
Your fulminant prism crackles loudly.
Ishtar-belessa barely misses the boulder beetle.
Your fulminant prism explodes!
The blast of energy engulfs the boulder beetle.
The boulder beetle is moderately wounded.
The boulder beetle misses you.
You hear a croak. x2; You hear an angry growl.
You cannot move.
Blink to where?
Press: ? - help, Dir - move target A cane toad comes into view.
Found 12 gold pieces and a fizzy cyan potion.
As you read the scroll of blinking, it crumbles to dust.
You are no longer robbed of momentum.
Ishtar-belessa hits the boulder beetle but does no damage.
The boulder beetle curls into a ball and begins rolling!
As you read the scroll of teleportation, it crumbles to dust.
You feel strangely unstable.
The boulder beetle hits Ishtar-belessa.
The boulder beetle stops rolling and uncurls.
Found a golden potion.
The cane toad attacks as it pursues you!
The cane toad completely misses you.
Ishtar-belessa hits the boulder beetle with a +0 flail.
The boulder beetle leaps!
Your surroundings suddenly seem different.
A polar bear and a bullfrog come into view.
Found 34 stones.
The bullfrog croaks.
You hear a loud, deep croak!
A bullfrog comes into view.
Found a sapphire potion.
A wyvern comes into view.
The bullfrog attacks as it pursues you!
The bullfrog hits you but does no damage.
A water moccasin comes into view.
Okay, then.
Unknown command.
As you read the scroll of teleportation, it crumbles to dust.
You feel strangely unstable. The bullfrog hits you.
You die...

##...(P..(##
.l...P(...#
#..F.(..#
#.......##
#..F...P#
#......##
##.....#
##F...#
#@...##
#.#..##
.....##
#....##
#.....
...!.#.
P#....##
#.S##


You could see a water moccasin (asleep) and 2 bullfrogs.

Vanquished Creatures
  A manticore (D:9)
  An elephant (D:8)
  A dancing weapon (D:8)
  A shadow (D:10)
  8 yaks
  2 wyverns
  A warg (D:10)
  A water moccasin (D:5)
  4 orc warriors
  An ice beast (D:6)
  2 black bears (D:9)
  An ogre (D:6)
  4 centaurs
  2 kobold brigands
  3 bullfrogs
  4 wights
  An electric eel (D:8)
  6 howler monkeys
  2 jellies (D:4)
  3 gnoll boudas
  5 hounds
  5 orc priests
  Crazy Yiuf (D:2)
  Jessica (D:2)
  8 orc wizards
  Natasha (twice) (D:2)
  3 iguanas
  3 adders (D:2)
  15 gnolls
  3 ufetubi (D:4)
  3 worms
  A dart slug (D:4)
  38 orcs
  6 endoplasms
  3 giant cockroaches
  15 goblins
  10 hobgoblins
  4 jackals
  4 quokkas
  8 ball pythons
  5 bats
  7 frilled lizards
  12 kobolds
  3 rats
  2 fulminant prisms (D:8)
216 creatures vanquished.

Vanquished Creatures (collateral kills)
  A centaur warrior (D:11)
  A two-headed ogre (D:10)
  A wyvern (D:8)
  3 yaks (Lair:1)
  A centaur (D:8)
  2 bullfrogs (D:7)
  4 wights
  A gnoll bouda (D:8)
  An orc priest (D:8)
  An orc wizard (D:9)
  2 gnolls (D:5)
  An orc (D:11)
  3 kobolds (D:7)
22 creatures vanquished.

Vanquished Creatures (others)
  3 dancing weapons
  2 ancestors (D:8)
  49 fulminant prisms
54 creatures vanquished.

Grand Total: 292 creatures vanquished

Notes
Turn   | Place    | Note
-------+----------+-------------------------------------------
     0 | D:1      | Dordric the Djinni Conjurer began the quest for the Orb.
     0 | D:1      | Dordric set off with the following spells memorised: Magic
                  | Dart, Searing Ray, Dazzling Flash, Fulminant Prism,
                  | Iskenderun's Mystic Blast.
     0 | D:1      | Reached XP level 1. HP: 15/15 MP: 0/0
   168 | D:1      | Reached XP level 2. HP: 18/21 MP: 0/0
   396 | D:1      | Reached XP level 3. HP: 24/25 MP: 0/0
   396 | D:1      | Learned a level 1 spell: Necrotise
   809 | D:2      | Reached skill level 3 in Dodging
   815 | D:2      | Noticed Jessica
   819 | D:2      | Killed Jessica
   820 | D:2      | Reached XP level 4. HP: 30/31 MP: 0/0
   938 | D:2      | Found a runed translucent door.
   939 | D:2      | Noticed Crazy Yiuf
   993 | D:2      | Found a glowing silver altar of Zin.
  1386 | D:2      | Found a faded altar of an unknown god.
  1438 | D:2      | Reached XP level 5. HP: 32/35 MP: 0/0
  1438 | D:2      | Learned a level 2 spell: Momentum Strike
  1459 | D:2      | Noticed Natasha
  1466 | D:2      | Killed Natasha
  1661 | D:2      | Killed Crazy Yiuf
  1825 | D:2      | Noticed Natasha
  1830 | D:2      | Killed Natasha
  1831 | D:2      | Reached skill level 4 in Dodging
  1986 | D:3      | Reached XP level 6. HP: 35/40 MP: 0/0
  2932 | D:3      | Found a bloodstained altar of Trog.
  2952 | D:3      | Found a burning altar of Makhleb.
  3191 | D:4      | Found Pogy's Vocational Training.
  3370 | D:4      | Reached XP level 7. HP: 37/45 MP: 0/0
  3370 | D:4      | Learned a level 3 spell: Tukima's Dance
  3452 | D:4      | Reached skill level 5 in Dodging
  3864 | D:4      | Found Exuef's Magic Scroll Emporium.
  4397 | D:5      | Entered Level 5 of the Dungeon
  4412 | D:5      | Found an opulent altar of Gozag.
  4872 | D:5      | Reached XP level 8. HP: 44/50 MP: 0/0
  4915 | D:5      | Reached skill level 6 in Dodging
  4915 | D:5      | Reached skill level 5 in Stealth
  5159 | D:5      | Found a staircase to the Ecumenical Temple.
  5166 | Temple   | Entered the Ecumenical Temple
  5254 | Temple   | Became a worshipper of Hepliaklqana the Forgotten
  5788 | D:6      | Reached skill level 5 in Spellcasting
  5788 | D:6      | Reached skill level 5 in Conjurations
  5788 | D:6      | Reached skill level 5 in Hexes
  5788 | D:6      | Reached skill level 5 in Summonings
  5788 | D:6      | Reached skill level 5 in Necromancy
  5788 | D:6      | Reached skill level 5 in Translocations
  5788 | D:6      | Reached skill level 5 in Transmutations
  5788 | D:6      | Reached skill level 5 in Fire Magic
  5788 | D:6      | Reached skill level 5 in Ice Magic
  5788 | D:6      | Reached skill level 5 in Air Magic
  5788 | D:6      | Reached skill level 5 in Earth Magic
  5788 | D:6      | Reached skill level 5 in Poison Magic
  6405 | D:7      | Noticed a wyvern
  6410 | D:7      | Killed a wyvern
  6411 | D:7      | Reached skill level 7 in Dodging
  6411 | D:7      | Reached XP level 9. HP: 40/55 MP: 0/0
  6411 | D:7      | Learned a level 4 spell: Petrify
  6493 | D:7      | Reached * piety under Hepliaklqana
  6548 | D:7      | Identified the +1 sling of Cuke Zuc {elec, rN+ Str+2}
  7058 | D:8      | Identified the +1 robe of the New World {Int+4}
  7096 | D:8      | Reached skill level 8 in Dodging
  7305 | D:8      | Found a white marble altar of Elyvilon.
  7862 | D:8      | Reached XP level 10. HP: 43/54 MP: 0/0
  7934 | D:8      | Reached skill level 9 in Dodging
  8964 | D:9      | Noticed a manticore
  8977 | D:9      | Killed a manticore
  8978 | D:9      | Reached skill level 10 in Dodging
  9016 | D:9      | Noticed an elephant
  9269 | D:8      | Killed an elephant
  9412 | D:9      | Found a staircase to the Lair.
  9428 | D:9      | Found a transporter.
  9556 | D:9      | Reached ** piety under Hepliaklqana
  9563 | D:9      | Found a transporter.
  9566 | D:9      | Found a transporter.
  9571 | D:9      | Found a transporter.
  9932 | D:10     | Entered Level 10 of the Dungeon
  9970 | D:10     | Found Dotyank's Lightly-Used Armoury.
  9983 | D:10     | Noticed a two-headed ogre
  9994 | D:10     | Killed a two-headed ogre
  9995 | D:10     | Reached skill level 11 in Dodging
  9995 | D:10     | Reached XP level 11. HP: 50/58 MP: 0/0
  9995 | D:10     | Learned a level 5 spell: Fireball
 10135 | D:10     | Remembered your ancestor Ishtar-belessa as a knight
 10708 | D:10     | Found a staircase to the Orcish Mines.
 10989 | D:11     | Noticed a centaur warrior
 11002 | D:11     | Killed a centaur warrior
 11188 | D:11     | Noticed a skeletal warrior
 11188 | D:11     | Noticed a deep elf pyromancer
 11188 | D:11     | Noticed a boulder beetle
 11222 | Lair:1   | Entered Level 1 of the Lair of Beasts
 11231 | Lair:1   | Noticed a boulder beetle
 11234 | Lair:1   | Reached skill level 12 in Dodging
 11373 | Lair:1   | HP: 2/58 [boulder beetle (19)]
 11385 | Lair:1   | Slain by a bullfrog

Illustrated notes

Levels and vault maps discovered:
D:1:      eino_arrival_druids_welcome, layout_rooms
D:2:      layout_loops_corners, basic_altar, ebering_ecumenical_altar_webs,
          minmay_pentomino_w2, uniq_jessica, uniq_crazy_yiuf_cottage,
          uniq_natasha
D:3:      layout_basic, mainiacjoe_overflow_catwalk_spiral
D:4:      layout_loops_ring, serial_rivers, chequers_serial_rivers_room_b,
          chequers_serial_rivers_micro_e, chequers_serial_rivers_micro_e,
          chequers_serial_rivers_marsh, chequers_serial_rivers_large_a,
          serial_shops, nicolae_shop_window_shopping, nicolae_shop_vocational
D:5:      layout_loops_ring, mainiacjoe_overflow_concentric_impassable,
          minmay_temple_entry_nine_rooms, minmay_checkerbox
D:6:      nicolae_cairo_tiling, layout_rooms, minmay_misc_feat_tiny
D:7:      layout_rooms
D:8:      layout_loops_ring, kennysheep_mini, enter_bailey_5,
          serial_bayou_lagoon_a
D:9:      layout_rooms, david_lair_generic, nicolae_transporter_circle
D:10:     layout_cave_pools, erik_orc_3, minmay_shop_damaged, minmay_misc_feat_x
D:11:     minmay_inside_and_out, layout_loops_ring
Temple:   dpeg_five_rooms_temple
Lair:1:   layout_concentric_octagons, lemuel_fruit_tree, grunt_megastairs_5

Skill      XL: |  1  2  3  4  5  6  7  8  9 10 11 |
---------------+----------------------------------+-----
Stealth        | 2 3 4 5 7 8 |  8.0
Dodging        | 3 4 5 7 8 11 12 | 12.0
Spellcasting   | 4 5 6 7 8 |  8.3
Conjurations   | 4 5 6 7 8 |  8.3
Hexes          | 4 5 6 7 8 |  8.3
Summonings     | 4 5 6 7 8 |  8.3
Necromancy     | 4 5 6 7 8 |  8.3
Translocations | 4 5 6 7 8 |  8.3
Transmutations | 4 5 6 7 8 |  8.3
Fire Magic     | 4 5 6 7 8 |  8.3
Ice Magic      | 4 5 6 7 8 |  8.3
Air Magic      | 4 5 6 7 8 |  8.3
Earth Magic    | 4 5 6 7 8 |  8.3
Poison Magic   | 4 5 6 7 8 |  8.3

Action                     |  1- 3 |  4- 6 |  7- 9 | 10-12 || total
---------------------------+-------+-------+-------+-------++-------
  Melee: Unarmed           |       |       |     3 |       ||     3
   Fire: Sling             |       |       |     2 |     2 ||     4
   Cast: Magic Dart        |    34 |    11 |    10 |    33 ||    88
         Searing Ray       |     6 |    56 |    78 |    42 ||   182
         Momentum Strike   |       |     2 |       |     1 ||     3
         Tukima's Dance    |       |       |     8 |    13 ||    21
         Fulminant Prism   |       |       |    13 |    38 ||    51
         Petrify           |       |       |     3 |    11 ||    14
         Fireball          |       |       |       |    12 ||    12
 Invoke: Recall Ancestor   |       |       |       |     2 ||     2
         Ancestor Life: Kn |       |       |       |     1 ||     1
  Evoke: Lightning rod     |       |       |     1 |       ||     1
    Use: Scroll            |       |       |     9 |     4 ||    13
 Armour: Robe              |     1 |    14 |    60 |    20 ||    95
  Dodge: Dodged            |     1 |    10 |    47 |    21 ||    79

Table legend: (Time is in decaauts)
 A = Elapsed time spent in this place.
 B = Non-inter-level travel time spent in this place.
 C = Inter-level travel time spent in this place.
 D = Time resting spent in this place.
 E = Time spent auto-exploring this place.
 F = Levels seen in this place.
 G = Mean time per level.
                   A        B        C        D        E       F      G
               +--------+--------+--------+--------+--------+-----+--------+
         Total |  11396 |  10914 |    482 |   1097 |   8165 |  13 |  876.6 |
       Dungeon |  11205 |  10862 |    343 |   1097 |   8165 |  11 | 1018.6 |
        Temple |    139 |      1 |    138 |      0 |      0 |   1 |  139.0 |
          Lair |     51 |     51 |      0 |      0 |      0 |   1 |   51.0 |
               +--------+--------+--------+--------+--------+-----+--------+

Top non-repeatable levels by time:
     D:8: 1712 daAuts
     D:4: 1391 daAuts
     D:2: 1332 daAuts
     D:3: 1197 daAuts
    D:10: 1109 daAuts
     D:5: 1086 daAuts
     D:7: 1074 daAuts
     D:9: 1036 daAuts
     D:6: 713 daAuts
     D:1: 517 daAuts
  Temple: 139 daAuts
  Lair:1: 51 daAuts
    D:11: 32 daAuts
